 Dungeon Crawl Stone Soup version 0.19.5 (webtiles) character file.

2277 BugsBunnySan the Covert (level 9, -2/42 HPs)
             Began as a Felid Berserker on Apr 8, 2017.
             Was a High Priest of Trog.
             Slain by a fire bat (8 damage)
             ... in a volcano.
             The game lasted 00:23:55 (9940 turns).

BugsBunnySan the Covert (Felid Berserker)           Turns: 9940, Time: 00:23:56

Health: -2/42      AC:  4    Str: 13    XL:     9   Next: 16%
Magic:  8/8        EV: 28    Int:  8    God:    Trog [*****.]
Gold:   169        SH:  2    Dex: 20    Spells: 0 memorised, 8 levels left
                                        Lives:  0   Deaths: 2

rFire  . . .     SeeInvis +       - Unarmed
rCold  . . .     Gourm    .     (armour unavailable)
rNeg   . . .     Faith    .     (shield unavailable)
rPois  .         Spirit   .     (helmet unavailable)
rElec  .         Reflect  +     (cloak unavailable)
rCorr  .         Harm     .     (gloves unavailable)
MR     +....                    (boots unavailable)
Stlth  ++++++....               e - +2 amulet of reflection
                                G - ring of flight
                                (no ring)

@: quick
A: no armour, no weapons or thrown items, stealth, claws 1, fangs 3, thin
metallic scales 1, thin skeletal structure 1, see invisible, carnivore 3, clumsy
1, speed 1, low mp 2, shaggy fur 2, slow metabolism 1, wild magic 1, evolution
1, sharp paws
a: Berserk, Trog's Hand, Brothers in Arms, Burn Spellbooks, Renounce Religion,
Evoke Flight


You were in a volcano.
You worshipped Trog.
Trog was extremely pleased with you.
You were not hungry.

You visited 3 branches of the dungeon, and saw 11 of its levels.
You also visited: Volcano.

You collected 607 gold pieces.
You spent 438 gold pieces at shops.

Inventory:

Jewellery
 e - a +2 amulet of reflection (around neck)
 G - a ring of flight (right paw)
Wands
 z - a wand of iceblast (11/15)
 I - a wand of digging (15/24)
 J - a wand of digging (18/24)
Scrolls
 h - 2 scrolls of noise
 k - 4 scrolls of recharging
 p - 2 scrolls of teleportation
 t - a scroll of remove curse
 y - a scroll of holy word
 A - a scroll of fear
 C - 2 scrolls of summoning
Potions
 b - 2 potions of ambrosia
 c - 4 potions of flight
 f - 5 potions of lignification
 m - a potion of might
 o - 5 potions of curing
 q - 2 potions of heal wounds
 F - a potion of cancellation
 L - a potion of haste
Books
 i - a book of Conjurations

   Spells                             Type                      Level
   a - Magic Dart                     Conjuration                  1
   b - Searing Ray                    Conjuration                  2
   c - Dazzling Spray                 Conjuration/Hexes            3
   d - Fulminant Prism                Conjuration/Hexes            4
   e - Iskenderun's Mystic Blast      Conjuration                  4
   f - Iskenderun's Battlesphere      Conjuration/Charms           5
   Trog disapproves of the use of such an item.
 x - a book of Air

   Spells                             Type                      Level
   a - Shock                          Conjuration/Air              1
   b - Swiftness                      Charms/Air                   2
   c - Repel Missiles                 Charms/Air                   2
   d - Static Discharge               Conjuration/Air              3
   e - Lightning Bolt                 Conjuration/Air              5
   Trog disapproves of the use of such an item.
 D - a book of Misfortune

   Spells                             Type                      Level
   a - Confusing Touch                Hexes                        1
   b - Confuse                        Hexes                        3
   c - Gell's Gravitas                Hexes/Translocation          3
   d - Petrify                        Transmutation/Earth          4
   e - Metabolic Englaciation         Hexes/Ice                    5
   f - Yara's Violent Unravelling     Hexes/Transmutation          5
   Trog disapproves of the use of such an item.
 E - a book of Frost

   Spells                             Type                      Level
   a - Freeze                         Ice                          1
   b - Throw Frost                    Conjuration/Ice              2
   c - Ozocubu's Armour               Charms/Ice                   3
   d - Throw Icicle                   Conjuration/Ice              4
   e - Summon Ice Beast               Ice/Summoning                4
   Trog disapproves of the use of such an item.
 K - a book of Changes

   Spells                             Type                      Level
   a - Beastly Appendage              Transmutation                1
   b - Sticks to Snakes               Transmutation                2
   c - Spider Form                    Transmutation/Poison         3
   d - Ice Form                       Ice/Transmutation            4
   e - Blade Hands                    Transmutation                5
   Trog disapproves of the use of such an item.
Comestibles
 a - 4 meat rations
 g - a beef jerky
 j - 2 slices of pizza
 l - 11 royal jellies


   Skills:
 + Level 6.8 Fighting
 + Level 10.8 Dodging
 + Level 12.4 Stealth
 + Level 11.9 Unarmed Combat


You had 8 spell levels left.
You didn't know any spells.

Dungeon Overview and Level Annotations

Branches:
Dungeon (9/15)             Temple (1/1) D:6            Lair (1/6) D:9
    Orc: D:9-12

Altars:
Ashenzari
Cheibriados
Dithmenos
Elyvilon
Fedhas
Gozag
Hepliaklqana
Kikubaaqudgha
Makhleb
Nemelex Xobeh
Okawaru
Qazlal
Ru
Sif Muna
Trog
Uskayaw
Vehumet
Xom
Yredelemnul
Zin
The Shining One

Shops:
D:7 *!!=   D:9 [


Innate Abilities, Weirdness & Mutations

You cannot wear armour.
You are incapable of wielding weapons or throwing items.
Your paws allow you to move quietly. (Stealth)
You have sharp claws.
You have razor-sharp teeth.
You have supernaturally acute eyesight. (SInv)
You are carnivorous and can eat meat at any time.
You cover ground quickly.
You are covered in thick fur. (AC +2)
You have a slow metabolism.
Your sharp claws are effective at attacking unaware monsters.
You are partially covered in thin metallic scales. (AC +2)
You have a somewhat thin skeletal structure. (Dex +2, Stealth)
You are clumsy. (Dex -2)
Your magical capacity is very low. (-20% MP)
Your spells are a little harder to cast, but a little more powerful.
You evolve.


Message History

The lava snake hisses angrily.
The fire bat completely misses you. The lava snake completely misses you.
The fire bat completely misses you. The lava snake spits lava at you.
The glob of lava hits you! The fire bat misses you.
The fire bat completely misses you. The fire bat completely misses you.
The fire bat bites you.
You are engulfed in flames!
* * * LOW HITPOINT WARNING * * *
The fire bat completely misses you. The lava snake spits lava at you.
The glob of lava misses you.
The lava snake hisses angrily.
Why would you want to do that? Why would you want to do that?
The fire bat bites you.
* * * LOW HITPOINT WARNING * * *
You are engulfed in flames!
You die...

≈≈§≈. #.≈ ≈§ ≈≈≈≈≈ #####. #.≈ ≈≈≈
§≈≈≈≈ ...... #.§ ≈≈≈≈ ≈§§≈§
##++## #.§§§≈≈§≈ ≈≈§§. #.§≈≈≈≈≈§
≈§≈≈. #.§§≈≈≈§§ §≈≈§. #.≈≈≈≈≈≈§
≈≈≈§§§≈ ################@≈§≈§≈≈≈
≈≈§§≈§≈§ §..§§..........b.≈≈§≈§
§≈§≈§§≈≈..
S≈§≈≈≈§≈≈≈≈§S§≈≈.≈≈§≈≈§§≈§§≈§≈≈..
§§≈≈§≈≈§≈≈≈§≈S≈≈≈≈S§§≈§≈§≈§§§≈§..
≈§§§§≈≈≈≈≈≈≈≈§≈≈≈≈≈≈≈§≈§≈≈§≈≈≈≈..
≈≈§§§§§§§≈≈≈§≈§§≈≈≈§≈§§≈≈§§§≈§...
§§≈≈≈≈§≈≈≈≈≈§§≈≈≈≈≈≈≈≈≈≈≈≈≈≈§....
≈§≈≈≈≈≈§≈≈≈§≈≈≈§≈≈≈≈≈≈≈≈≈≈≈.§....
≈≈≈≈≈≈≈§≈≈≈≈≈≈§≈≈≈≈≈≈§≈≈.........


You could see a fire bat and 3 lava snakes.

Vanquished Creatures
  A hornet (D:8)
  A yak (D:9)
  2 soldier ants (D:8)
  Menkaure (D:6)
  A water moccasin (D:9)
  2 orc warriors
  4 sky beasts
  4 ice beasts
  A black bear (D:7)
  A necrophage (D:9)
  A centaur (D:7)
  6 ogres
  2 crocodiles
  2 big kobolds (D:9)
  2 bullfrogs
  A wyvern zombie (D:9)
  A water moccasin zombie (D:5)
  9 wights
  2 howler monkeys
  2 lava snakes (Volcano)
  2 crimson imps (D:6)
  A bullfrog skeleton (D:5)
  A quasit (D:9)
  A gnoll shaman (D:6)
  A hound (D:8)
  2 jellies
  2 orc priests (D:3)
  A centaur skeleton (D:9)
  3 orc wizards (D:9)
  3 iguanas
  4 worker ants
  A killer bee zombie (D:8)
  A howler monkey skeleton (D:9)
  10 gnolls
  2 river rats (D:9)
  15 adders
  3 shadow imps
  2 adder zombies
  4 worms
  A dart slug (D:1)
  3 leopard geckos
  15 orcs
  13 bats
  9 giant cockroaches
  2 goblins (D:1)
  3 hobgoblins
  11 jackals
  15 kobolds
  3 quokkas
  2 ball pythons
  8 frilled lizards
  A jackal zombie (D:9)
  A quokka skeleton (D:7)
  23 rats
215 creatures vanquished.

Vanquished Creatures (others)
  5 fungi (D:9)
5 creatures vanquished.

Grand Total: 220 creatures vanquished

Notes
Turn   | Place    | Note
-------+----------+-------------------------------------------
     0 | D:1      | BugsBunnySan the Felid Berserker began the quest for the Orb.
     0 | D:1      | Reached XP level 1. HP: 10/10 MP: 2/2
   178 | D:1      | Reached XP level 2. HP: 13/14 MP: 3/3
   268 | D:1      | Reached skill level 1 in Stealth
   340 | D:1      | Reached XP level 3. HP: 12/17 MP: 4/4
   476 | D:1      | Reached ** piety under Trog
  1207 | D:2      | Reached skill level 2 in Stealth
  1207 | D:2      | Reached XP level 4. HP: 21/21 MP: 5/5
  1708 | D:3      | Found an iron altar of Okawaru.
  1752 | D:3      | Reached XP level 5. HP: 24/24 MP: 6/6
  1753 | D:3      | Reached skill level 3 in Stealth
  1857 | D:3      | Reached skill level 5 in Unarmed Combat
  1869 | D:3      | Reached *** piety under Trog
  2019 | D:3      | Reached skill level 5 in Dodging
  2091 | D:3      | Found a white marble altar of Elyvilon.
  2232 | D:3      | Gained mutation: You are covered in thick fur. (AC +2) [Felid growth]
  2232 | D:3      | Reached XP level 6. HP: 20/28 MP: 7/7
  2377 | D:3      | Found a glowing silver altar of Zin.
  2594 | D:4      | Found a shimmering altar of Xom.
  2801 | D:5      | Entered Level 5 of the Dungeon
  2860 | D:5      | Noticed a sky beast
  2870 | D:5      | Killed a sky beast
  2870 | D:5      | Reached skill level 4 in Stealth
  2880 | D:5      | Gained mutation: You are agile. (Dex +2) [mutagenic meat]
  2881 | D:5      | Gained mutation: Your spells are a little harder to cast, but a little more powerful. [mutagenic meat]
  2882 | D:5      | Gained mutation: You have a somewhat thin skeletal structure. (Dex +2, Stealth) [mutagenic meat]
  2883 | D:5      | Gained mutation: Your magical capacity is low. (-10% MP) [mutagenic meat]
  2884 | D:5      | Gained mutation: Your magical capacity is very low. (-20% MP) [mutagenic meat]
  3741 | D:5      | Noticed an ice beast
  3755 | D:5      | Killed an ice beast
  3755 | D:5      | Reached XP level 7. HP: 29/31 MP: 6/6
  3928 | D:6      | Reached skill level 5 in Stealth
  4541 | D:6      | Reached skill level 6 in Stealth
  4548 | D:6      | Reached XP level 8. HP: 29/36 MP: 7/7
  4715 | D:6      | Noticed Menkaure
  4720 | D:6      | Killed Menkaure
  5020 | D:6      | Found a shadowy altar of Dithmenos.
  5075 | D:6      | Found a staircase to the Ecumenical Temple.
  5116 | D:7      | Reached skill level 7 in Stealth
  5118 | D:7      | Found Jeazytun's Assorted Antiques.
  5128 | D:7      | Bought a scroll labeled ILURCHO JUAC for 19 gold pieces
  5128 | D:7      | Bought a scroll labeled YKYICK UNACO for 19 gold pieces
  5128 | D:7      | Bought a brown potion for 17 gold pieces
  5128 | D:7      | Bought a glowing silver wand for 76 gold pieces
  5128 | D:7      | Bought an orange potion for 17 gold pieces
  5128 | D:7      | Bought a scroll labeled TIRIVUHA APYKA for 19 gold pieces
  5128 | D:7      | Bought a scroll labeled TIRIVUHA APYKA for 19 gold pieces
  5158 | D:7      | Reached **** piety under Trog
  5875 | D:7      | Gained mutation: You are partially covered in thin metallic scales. (AC +2) [mutagenic meat]
  5876 | D:7      | Gained mutation: You evolve. [mutagenic meat]
  5877 | D:7      | Gained mutation: You are robust. (+10% HP) [mutagenic meat]
  6137 | D:7      | Found Cyiru's Distillery.
  6139 | D:7      | Found Dahovv Ovom's Jewellery Boutique.
  6145 | D:7      | Bought a potion of heal wounds for 60 gold pieces
  6145 | D:7      | Bought a potion of flight for 36 gold pieces
  6145 | D:7      | Bought a potion of curing for 36 gold pieces
  6145 | D:7      | Bought a potion of resistance for 120 gold pieces
  6165 | D:7      | Found Ygeraez's Distillery.
  6196 | D:7      | Lost mutation: You are robust. (+10% HP) [evolution]
  6333 | D:7      | Reached XP level 9. HP: 28/39 MP: 8/8
  6554 | D:8      | Reached skill level 8 in Stealth
  6894 | D:8      | Reached skill level 10 in Unarmed Combat
  6908 | D:8      | Gained mutation: You are partially covered in icy blue scales. (AC +2) [mutagenic meat]
  6911 | D:8      | Lost mutation: You are partially covered in icy blue scales. (AC +2) [mutagenic meat]
  6969 | D:8      | Reached skill level 9 in Stealth
  7263 | D:9      | Found an iron altar of Okawaru.
  7410 | D:9      | Reached skill level 10 in Stealth
  7780 | D:9      | Reached ***** piety under Trog
  8004 | D:9      | Found Sagyo's Armour Boutique.
  8339 | D:9      | Reached XP level 10. HP: 43/43 MP: 9/9
  8352 | D:9      | Found a staircase to the Lair.
  8697 | D:9      | Found a deep blue altar of Sif Muna.
  8857 | Temple   | Entered the Ecumenical Temple
  9068 | Temple   | Gained mutation: You are robust. (+10% HP) [potion of mutation]
  9068 | Temple   | Lost mutation: You are robust. (+10% HP) [potion of mutation]
  9068 | Temple   | Gained mutation: You tend to lose your temper in combat. [potion of mutation]
  9069 | Temple   | Lost mutation: You are agile. (Dex +2) [potion of mutation]
  9069 | Temple   | Lost mutation: You tend to lose your temper in combat. [potion of mutation]
  9069 | Temple   | Gained mutation: You are clumsy. (Dex -2) [potion of mutation]
  9087 | Temple   | Reached skill level 10 in Dodging
  9087 | Temple   | Reached skill level 12 in Stealth
  9087 | Temple   | Reached XP level 11. HP: 49/49 MP: 9/9
  9421 | Lair:1   | Entered Level 1 of the Lair of Beasts
  9485 | Lair:1   | Found a dark tunnel.
  9496 | Volcano  | Entered a volcano
  9546 | Volcano  | Engulfed by a cloud of flame
  9547 | Volcano  | Reached XP level 10. HP: 0/46 MP: 9/9
  9724 | Volcano  | Engulfed by a cloud of flame
  9725 | Volcano  | Reached XP level 9. HP: -5/42 MP: 8/8
  9940 | Volcano  | Slain by a fire bat

Skill      XL: |  1  2  3  4  5  6  7  8  9 10 |
---------------+-------------------------------+-----
Stealth        | 1 2 3 4 6 7 10 12 | 12.4
Unarmed Combat | 4 5 6 7 9 10 11 | 11.9
Dodging        | 5 6 7 8 10 | 10.8
Fighting       | 4 6 |  6.8

Action                   |  1- 3 |  4- 6 |  7- 9 | 10-12 || total
-------------------------+-------+-------+-------+-------++-------
Melee: Unarmed           |    86 |   117 |   304 |    62 ||   569
       Bite              |     5 |    11 |    37 |    12 ||    65
       Punch             |     1 |     1 |     7 |     3 ||    12
Invok: Berserk           |     3 |     8 |     5 |       ||    16
       Trog's Hand       |     1 |     3 |     2 |       ||     6
 Abil: Evoke Flight      |       |       |       |     1 ||     1
  Use: Scroll            |       |       |       |    21 ||    21
       Potion            |       |       |       |     5 ||     5
 Stab: Sleeping          |     4 |     9 |    29 |       ||    42
       Distracted        |     1 |       |     3 |     2 ||     6
  Eat: Chunk             |    10 |    19 |    25 |     4 ||    58
Armor: Skin              |     7 |     6 |    10 |     4 ||    27
Dodge: Dodged            |    69 |   105 |   263 |    49 ||   486
Block: Other             |       |       |     1 |     2 ||     3
